[Event "Team 45 45 League T56"]
[Site "Internet Chess Club"]
[Date "2013.03.08"]
[Round "3"]
[White "tryanything"]
[Black "kabindra"]
[Result "0-1"]
[WhiteElo "1541"]
[BlackElo "1831"]
[Opening "Queen's pawn: London system"]
[ECO "A45"]
[Time "19:00:44"]
[TimeControl "2700+45"]

1. d4 Nf6 2. Bf4 g6 3. e3 Bg7 4. Nf3 O-O 5. Bd3 d6 6. h3 Nd5 7. Bg3 Nb4 8. Be2
Bf5 9. Bd3 Nxd3+ 10. cxd3 c5 11. O-O cxd4 12. Nxd4 Bd7 13. Nc3 a6 14. Nf3 Nc6
15. a3 Be6 16. d4 Na5 17. Rb1 Bc4 18. Re1 Bb3 19. Qc1 Rc8 20. Nd2 Ba4 21. b3 Bd7
22. Qb2 Bf5 23. Rbc1 e5 24. Nd5 Rxc1 25. Rxc1 exd4 26. exd4 Nc6 27. Nc4 Nxd4 28.
Qa2 Re8 29. Nce3 Bd3 30. Nf4 Bb5 31. a4 Bc6 32. Ne2 Qg5 33. Rxc6 bxc6 34. h4 Qh5
35. Nxd4 Bxd4 36. Qd2 Be5 37. Bxe5 Qxe5 38. Ng4 Qe1+ 39. Qxe1 Rxe1+ 40. Kh2 Kg7
{White resigns} 0-1

[Event "Team 45 45 League T56"]
[Site "Internet Chess Club"]
[Date "2013.03.09"]
[Round "3"]
[White "minke"]
[Black "Greedy-Reedy"]
[Result "0-1"]
[WhiteElo "1884"]
[BlackElo "1973"]
[Opening "Benko's opening"]
[ECO "A00"]
[Time "14:02:27"]
[TimeControl "2700+45"]

1. g3 g6 2. Bg2 Bg7 3. d3 c5 4. Nf3 Nc6 5. O-O e6 6. e4 Nge7 7. Re1 d6 8. Nbd2
O-O 9. a4 Rb8 10. Nc4 a6 11. a5 Re8 12. Bf4 e5 13. Bg5 Be6 14. Nfd2 h6 15. Be3
Kh7 16. c3 Rf8 17. Rf1 d5 18. exd5 Bxd5 19. Ne4 f5 20. Ned6 Bxg2 21. Kxg2 f4 22.
Bxc5 Nf5 23. f3 Nxd6 24. Bxd6 fxg3 25. hxg3 Ne7 26. Bxb8 Qxb8 27. Qe1 Nf5 28. g4
Ne7 29. Qg3 Nd5 30. Rae1 Nf4+ 31. Kh2 Nxd3 32. Re3 Rd8 33. Rd1 Nf4 34. Rxd8 Qxd8
35. Qe1 Qc7 36. Re4 Ne6 37. Nxe5 Ng5 38. Qe3 Nxe4 39. Qxe4 Qxe5+ {White resigns}
0-1

[Event "Team 45 45 League T56"]
[Site "Internet Chess Club"]
[Date "2013.03.08"]
[Round "3"]
[White "clarinetref"]
[Black "Helaman"]
[Result "1/2-1/2"]
[WhiteElo "1631"]
[BlackElo "1824"]
[Opening "Réti opening"]
[ECO "A05"]
[Time "23:01:11"]
[TimeControl "2700+45"]

1. Nf3 Nf6 2. b3 d5 3. Bb2 Bf5 4. d4 e6 5. Nbd2 c5 6. e3 Nc6 7. a3 Be7 8. Bb5
O-O 9. O-O Rc8 10. Rc1 cxd4 11. Nxd4 Nxd4 12. exd4 Qb6 13. Bd3 Bxd3 14. cxd3 Rc6
15. Nf3 Rfc8 16. Rxc6 Rxc6 17. Ne5 Rc8 18. g4 Qd6 19. g5 Nd7 20. f4 Nxe5 21.
dxe5 Qd7 22. Rf3 Qc7 23. Rf2 Qa5 24. b4 Qb6 25. d4 Rc4 26. Rc2 Qc7 27. Rxc4 Qxc4
28. Qa4 Qe2 29. Qb3 f6 30. gxf6 gxf6 31. Qg3+ Kf7 32. Qg2 Qe1+ 33. Qf1 Qe3+ 34.
Qf2 Qe4 35. Kf1 Qd3+ 36. Qe2 Qb1+ 37. Kf2 fxe5 38. fxe5 Bh4+ 39. Kg2 Qg6+ 40.
Kh3 Be7 41. Qf3+ Ke8 42. Qg4 Qh6+ 43. Kg3 Qe3+ 44. Qf3 Bh4+ 45. Kg2 Qd2+ 46. Kh3
Qxb2 47. Qh5+ Ke7 48. Qxh4+ Ke8 49. Qh5+ Kd8 50. Qg5+ Kd7 51. Qg7+ Kc6 52. Qe7
Qxd4 53. Qxe6+ Kc7 54. Qe7+ Kc8 55. Qe6+ Kc7 56. Qd6+ Kc8 57. Qe6+ Kc7 58. Qd6+
Kc8 {Game drawn by mutual agreement} 1/2-1/2

[Event "Team 45 45 League T56"]
[Site "Internet Chess Club"]
[Date "2013.03.08"]
[Round "3"]
[White "justice02"]
[Black "drsigmund1"]
[Result "1-0"]
[WhiteElo "1719"]
[BlackElo "1591"]
[Opening "English opening"]
[ECO "A13"]
[Time "20:00:44"]
[TimeControl "2700+45"]

1. c4 e6 2. Nf3 b6 3. g3 Bb7 4. Bg2 c5 5. O-O Nf6 6. d3 Be7 7. Nc3 Nc6 8. Nb5 a6
9. Nc3 O-O 10. Bf4 d6 11. Ng5 Nh5 12. Nh3 Nxf4 13. Nxf4 Rb8 14. e3 Ne5 15. b3
Bxg2 16. Nxg2 Nd7 17. Rb1 b5 18. Qc2 Nf6 19. Rfd1 b4 20. Ne2 Nd7 21. d4 Qc7 22.
Rd2 cxd4 23. Nxd4 Rbc8 24. Rbd1 Rfd8 25. Qe4 Nf6 26. Qf3 d5 27. cxd5 Nxd5 28.
Rc2 Qd7 29. Rcd2 Qe8 30. Qg4 Nc3 31. Nf4 Bf6 32. Nh5 Qe7 33. Nc6 Rxc6 34. Rxd8+
{Black resigns} 1-0